 Dungeon Crawl Stone Soup version 0.30-a0-782-ge64f9170bb (webtiles) character file.

Game seed: 8080469340820274896

81 Crownlay the Conjurer (level 4, -4/33 HPs)
             Began as a Draconian Conjurer on Feb 27, 2023.
             Slain by an iguana (12 damage)
             ... on level 3 of the Dungeon.
             The game lasted 00:03:02 (1951 turns).

Crownlay the Conjurer (Draconian Conjurer)          Turns: 1951, Time: 00:03:03

Health: -4/33      AC:  5    Str:  9    XL:     4   Next: 19%
Magic:  0/8        EV: 12    Int: 20    God:
Gold:   151        SH:  0    Dex: 10    Spells: 5/8 levels left

rFire   . . .      SeeInvis .    c - staff of poison
rCold   . . .      Faith    .    (no shield)
rNeg    . . .      Spirit   .    (body armour unavailable)
rPois   +          Reflect  .    (helmet restricted)
rElec   .          Harm     .    (no cloak)
rCorr   .          Rampage  .    (no gloves)
Will    .....                    (no boots)
Stlth   ++                       (no amulet)
HPRegen 0.25/turn                j - +4 ring of slaying
MPRegen 0.11/turn                (no ring)

@: no status effects
A: AC +5, unfitting armour, cold-blooded
a: no special abilities


You were on level 3 of the Dungeon.
You visited 1 branch of the dungeon, and saw 3 of its levels.

You collected 151 gold pieces.

Inventory:

Magical Staves
 c - a staff of poison (weapon)
Jewellery
 j - a +4 ring of slaying (left hand)
Scrolls
 e - 2 scrolls of enchant armour
 g - 2 scrolls of enchant weapon
 i - a scroll of poison
 k - a scroll of fear {unknown}
 l - a scroll of immolation {unknown}
 m - a scroll of vulnerability
Potions
 a - a potion of magic
 b - a potion of cancellation {unknown}
 d - 4 potions of curing {unknown}
 f - 2 potions of flight {unknown}
 n - a potion of brilliance {unknown}
 o - a potion of berserk rage {unknown}


   Skills:
 - Level 1.7 Dodging
 - Level 1.7 Stealth
 + Level 2.8 Spellcasting
 * Level 5.2 Conjurations


You had 5 spell levels left.
You knew the following spells:

 Your Spells              Type           Power      Damage    Failure   Level
a - Magic Dart            Conj           92%        1d7       1%          1
b - Searing Ray           Conj           46%        2d6       2%          2

Your spell library contained the following spells:

 Spells                   Type           Power      Damage    Failure   Level
 Dazzling Flash           Conj/Hex       26%        N/A       14%         3
 Fulminant Prism          Conj/Hex       6%         3d6       43%         4
 Iskenderun's Mystic Bla  Conj/Tloc      13%        2d5       43%         4


Dungeon Overview and Level Annotations

Branches:
Dungeon (3/15)

Altars:
Kikubaaqudgha
Wu Jian
Xom

Shops:
D:1 [

Annotations:
D:1 1 transporter


Innate Abilities, Weirdness & Mutations

Your plain brown scales are hard. (AC +5)
You cannot fit into any form of body armour.
You are cold-blooded and may be slowed by cold attacks.


Message History

Unknown command.
You hit the iguana but do no damage.
Your tail-slap misses the iguana.
The iguana is moderately wounded.
The iguana bites you!
* * * LOW HITPOINT WARNING * * *
You barely miss the iguana.
The iguana is moderately wounded.
The iguana closely misses you.
You closely miss the iguana.
The iguana is moderately wounded.
The iguana misses you.
You hit the iguana but do no damage.
You tail-slap the iguana, but do no damage.
The iguana is moderately wounded.
The iguana bites you.
* * * LOW HITPOINT WARNING * * *
Casting: Searing Ray (safe; 2% risk of failure)
Confirm with . or Enter, or press ? or * to list all spells.
You don't have enough magic to cast this spell.
Casting: Searing Ray (safe; 2% risk of failure)
Confirm with . or Enter, or press ? or * to list all spells.
Aiming: Magic Dart (safe; 1% risk of failure)
Press: ? - help, Shift-Dir - straight line, f/p - iguana
Aim: an iguana (moderately wounded, 100% to hit)
The magic dart hits the iguana but does no damage.
The iguana is moderately wounded.
The iguana hisses menacingly.
The iguana closely misses you.
Casting: Magic Dart (safe; 1% risk of failure)
Confirm with . or Enter, or press ? or * to list all spells.
You don't have enough magic to cast this spell.
Unknown command.
You hit the iguana.
The iguana is heavily wounded.
The iguana barely misses you. The iguana closely misses you.
You completely miss the iguana.
The iguana is heavily wounded.
You hear the slow rusting of a very distant drain.
The iguana bites you!
You die...

. .#... . .#... ####### .###.....
......##.# .##........ ##
.......... ....§≈≈≈≈≈≈≈≈.# #.
.~.⌠...#.# .##.≈.... ..≈.# #.
~~~..#.#.#+##.##l≈§# ###.≈.# #.
≈~..##.#......##@≈.#.....§.### #.
~~..##.#.....###?≈§#._.#.≈...# #.
.~...#........##.§.....#.≈.#.# #.
.~...#.........#.≈.#####.≈.#.###.
..~_.#.........'.≈.....§.≈.......
#....#.........#.≈§.≈≈≈≈≈≈.#####.
######........##.......†...# #.
.......#.....####....#.##### #.
.########...## ####...# #.


You could see an iguana.

Vanquished Creatures
  3 adders (D:3)
  A worm (D:2)
  A dart slug (D:1)
  4 ball pythons
  3 bats
  4 endoplasms
  A giant cockroach (D:2)
  2 goblins
  10 hobgoblins
  2 jackals (D:2)
  2 kobolds (D:2)
  3 quokkas
  4 frilled lizards
  4 rats
44 creatures vanquished.

Notes
Turn   | Place    | Note
-------+----------+-------------------------------------------
     0 | D:1      | Crownlay the Draconian Conjurer began the quest for the
                  | Orb.
     0 | D:1      | Reached XP level 1. HP: 14/14 MP: 3/3
   200 | D:1      | Reached XP level 2. HP: 20/20 MP: 0/5
   648 | D:1      | Learned a level 2 spell: Searing Ray
   676 | D:1      | Found Ytyin's Armour Shoppe.
  1012 | D:2      | Reached XP level 3. HP: 26/26 MP: 0/6
  1426 | D:2      | Found an ornate altar of the Wu Jian Council.
  1771 | D:3      | Reached skill level 5 in Conjurations
  1825 | D:3      | Found a shimmering altar of Xom.
  1851 | D:3      | Found an ancient bone altar of Kikubaaqudgha.
  1878 | D:3      | Reached XP level 4. HP: 33/33 MP: 3/8
  1951 | D:3      | Slain by an iguana

Illustrated notes

Levels and vault maps discovered:
D:1:      spicycebolla_arrival_risky_transporter, layout_rooms, serial_shops,
          nicolae_diamond_shop, serial_bayou_pond_e
D:2:      minmay_chambers_of_twos, layout_rooms, basic_altar
D:3:      layout_loops_corners, kiku_gazebo_pond_becter,
          mainiacjoe_overflow_brackets, lightli_sewer_entry_pipes,
          chequers_serial_rivers_marsh

Skill      XL: |  1  2  3 |
---------------+----------+-----
Conjurations   | 5 |  5.2
Dodging        | |  1.7
Stealth        | |  1.7
Spellcasting   | |  2.8

Action                     |  1- 3 |  4- 6 || total
---------------------------+-------+-------++-------
  Melee: Unarmed           |     8 |       ||     8
         Tailslap          |     3 |     1 ||     4
         Staff             |    13 |     6 ||    19
   Cast: Magic Dart        |    68 |     4 ||    72
         Searing Ray       |     4 |     2 ||     6
    Use: Scroll            |     4 |       ||     4
 Armour: Skin              |     5 |       ||     5
  Dodge: Dodged            |    23 |     7 ||    30

Table legend: (Time is in decaauts)
 A = Elapsed time spent in this place.
 B = Non-inter-level travel time spent in this place.
 C = Inter-level travel time spent in this place.
 D = Time resting spent in this place.
 E = Time spent auto-exploring this place.
 F = Levels seen in this place.
 G = Mean time per level.
                   A        B        C        D        E       F      G
               +--------+--------+--------+--------+--------+-----+--------+
         Total |   1955 |   1910 |     45 |      0 |   1512 |   3 |  651.7 |
       Dungeon |   1955 |   1910 |     45 |      0 |   1512 |   3 |  651.7 |
               +--------+--------+--------+--------+--------+-----+--------+

Top non-repeatable levels by time:
     D:2: 962 daAuts
     D:1: 791 daAuts
     D:3: 201 daAuts
